 Dungeon Crawl Stone Soup version 0.28-a0-1616-g050a50673c (webtiles) character file.

Game seed: 4073764240227825458

39 a3don the Stinger (level 3, -2/22 HPs)
             Began as an Octopode Venom Mage on Jan 22, 2022.
             Slain by an adder (4 damage)
             ... on level 2 of the Dungeon.
             The game lasted 00:03:39 (1496 turns).

a3don the Stinger (Octopode Venom Mage)             Turns: 1496, Time: 00:03:42

Health: -2/22      AC:  1    Str:  7    XL:     3   Next: 45%
Magic:  1/6        EV: 17    Int: 19    God:
Gold:   71         SH:  0    Dex: 12    Spells: 3/6 levels left

rFire   . . .      SeeInvis .   h - staff of conjuration
rCold   . . .      Faith    .   (no shield)
rNeg    . . .      Spirit   .   (helmet restricted)
rPois   .          Reflect  .   (no amulet)
rElec   .          Harm     .   c - +4 ring of evasion
rCorr   .          Rampage  .   (no ring)
Will    .....                   (no ring)
Stlth   +++.......              (no ring)
HPRegen 0.07/turn               (no ring)
MPRegen 0.10/turn               (no ring)
                                (no ring)
                                (no ring)

@: lethally poisoned (-2 -> -3)
A: almost no armour, amphibious, 8 rings, camouflage 1, gelatinous body 1,
(nimble swimmer 1), tentacles
a: no special abilities


You were on level 2 of the Dungeon.
You visited 1 branch of the dungeon, and saw 2 of its levels.

You collected 71 gold pieces.

Inventory:

Hand Weapons
 b - a +0 dagger
Missiles
 f - 20 stones
 j - 19 sling bullets
Magical Staves
 h - a staff of conjuration (weapon)
Jewellery
 c - a +4 ring of evasion (left tentacle)
Scrolls
 a - a scroll of immolation {unknown}
 d - a scroll of identify {unknown}
 g - a scroll of blinking {unknown}
 i - a scroll of enchant armour {unknown}
Potions
 e - a potion of curing {unknown}


   Skills:
 + Level 0.3 Fighting
 - Level 0.4 Short Blades
 + Level 0.3 Staves
 + Level 2.2 Dodging
 + Level 3.2 Stealth
 + Level 2.2 Spellcasting
 + Level 0.1 Conjurations
 + Level 1.4 Transmutations
 + Level 0.6 Air Magic
 + Level 3.9 Poison Magic


You had 3 spell levels left.
You knew the following spells:

 Your Spells              Type           Power      Damage    Failure   Level
a - Sting                 Tmut/Pois      48%        1d5       5%          1
b - Poisonous Vapours     Pois/Air       20%        N/A       10%         2

Your spell library contained the following spells:

 Spells                   Type           Power      Damage    Failure   Level
 Mephitic Cloud           Conj/Pois/Air  12%        N/A       26%         3
 Olgreb's Toxic Radiance  Pois           17%        N/A       32%         4


Dungeon Overview and Level Annotations

Branches:
Dungeon (2/15)

Altars:

Shops:
D:2 *

Annotations:
D:2 1 runed translucent door, Crazy Yiuf


Innate Abilities, Weirdness & Mutations

You cannot wear most types of armour.
You are amphibious.
You can wear up to eight rings at the same time.
Your skin changes colour to match your surroundings (Stealth+).
Your rubbery body absorbs attacks. (AC +1, EV +1)
((You are camouflaged when in or above water. (Stealth+)))
You have tentacles for arms and can constrict up to eight enemies at once.


Message History

Aiming: Sting (safe; 5% risk of failure)
Press: ? - help, Shift-Dir - straight line, f/p - adder
Aim: an adder (lightly wounded, poisoned, 53% to hit)
The sting misses the adder.
The sting hits the jackal but does no damage.
The jackal is poisoned.
* * * LOW HITPOINT WARNING * * *
You feel sick. The adder closely misses you. x2
* * * LOW HITPOINT WARNING * * *
You feel sick.
* * * LOW HITPOINT WARNING * * *
You feel sick.
Casting: Sting (safe; 5% risk of failure)
Confirm with . or Enter, or press ? or * to list all spells.
Aiming: Sting (safe; 5% risk of failure)
Press: ? - help, Shift-Dir - straight line, f/p - adder
Aim: an adder (moderately wounded, poisoned, 53% to hit)
The sting misses the adder.
* * * LOW HITPOINT WARNING * * *
You feel sick. The adder barely misses you.
Unknown command.
Casting: Sting (safe; 5% risk of failure)
Confirm with . or Enter, or press ? or * to list all spells.
Aiming: Sting (safe; 5% risk of failure)
Press: ? - help, Shift-Dir - straight line, f/p - adder
Aim: an adder (moderately wounded, poisoned, 53% to hit)
The sting misses the adder.
* * * LOW HITPOINT WARNING * * *
You feel sick. The adder bites you but does no damage.
The adder barely misses you.
Casting: Sting (safe; 5% risk of failure)
Confirm with . or Enter, or press ? or * to list all spells.
Aiming: Sting (safe; 5% risk of failure)
Press: ? - help, Shift-Dir - straight line, f/p - adder
Aim: an adder (heavily wounded, poisoned, 53% to hit)
The sting misses the adder.
* * * LOW HITPOINT WARNING * * *
You feel sick.
The adder looks more healthy.
The jackal looks more healthy.
The adder bites you.
You die...

#.. #.# #..... ..#
#.# ###### #.# #+##
#.. #.# #...# #.#
###.# #..... #.#
##.#.# #...... #.#
######....###.......
##.#
..........Shh..†....
+...
#####...@###.......
##.. #.....# #......
### #.##### #.....
#.# #...# ♣♣♣♣♣###
#.# #+## ♣♣.♣....##
#.# #.#
..♣......###.# #.#
♣♣♣♣......##.#####
##.######## ♣
♣♣............#
##..........


You could see an adder and 2 jackals.

Vanquished Creatures
  An adder (D:2)
  A worm (D:2)
  A ball python (D:1)
  7 bats
  An endoplasm (D:2)
  2 giant cockroaches (D:1)
  3 goblins (D:1)
  2 hobgoblins (D:1)
  A jackal (D:2)
  A kobold (D:1)
  A quokka (D:1)
  A frilled lizard (D:1)
  A rat (D:1)
23 creatures vanquished.

Notes
Turn   | Place    | Note
-------+----------+-------------------------------------------
     0 | D:1      | a3don the Octopode Venom Mage began the quest for the Orb.
     0 | D:1      | Reached XP level 1. HP: 11/11 MP: 3/3
   145 | D:1      | Reached XP level 2. HP: 5/17 MP: 0/5
   385 | D:1      | Learned a level 2 spell: Poisonous Vapours
   590 | D:1      | Found a faded altar of an unknown god.
  1225 | D:2      | Reached XP level 3. HP: 21/21 MP: 4/6
  1258 | D:2      | Found Ralomp's Assorted Antiques.
  1422 | D:2      | Found a runed translucent door.
  1423 | D:2      | Noticed Crazy Yiuf
  1496 | D:2      | Slain by an adder

Illustrated notes

Levels and vault maps discovered:
D:1:      mainiacjoe_arrival_reflecting_pool, layout_basic,
          basic_ecumenical_altar
D:2:      layout_loops_corners, basic_altar, serial_shops,
          nicolae_shop_behind_doors, kennysheep_generic_room_4,
          uniq_crazy_yiuf_cottage

Skill      XL: |  1  2 |
---------------+-------+-----
Stealth        | 3 |  3.2
Fighting       | |  0.3
Short Blades   | |  0.4
Staves         | |  0.3
Dodging        | |  2.2
Spellcasting   | |  2.2
Conjurations   | |  0.1
Transmutations | |  1.4
Air Magic      | |  0.6
Poison Magic   | |  3.9

Action                   || total
-------------------------++-------
Melee: Unarmed           ||    10
       Constrict         ||     7
       Tentacles         ||     7
       Dagger            ||    23
       Staff             ||     7
 Cast: Sting             ||    22
       Poisonous Vapours ||     1
 Stab: Sleeping          ||     3
Armor: Skin              ||    13
Dodge: Dodged            ||    51

Table legend: (Time is in decaauts)
 A = Elapsed time spent in this place.
 B = Non-inter-level travel time spent in this place.
 C = Inter-level travel time spent in this place.
 D = Time resting spent in this place.
 E = Time spent auto-exploring this place.
 F = Levels seen in this place.
 G = Mean time per level.
                   A        B        C        D        E       F      G
               +--------+--------+--------+--------+--------+-----+--------+
         Total |   1495 |   1452 |     43 |    260 |    967 |   2 |  747.5 |
       Dungeon |   1495 |   1452 |     43 |    260 |    967 |   2 |  747.5 |
               +--------+--------+--------+--------+--------+-----+--------+

Top non-repeatable levels by time:
     D:1: 1089 daAuts
     D:2: 405 daAuts
